 Dungeon Crawl Stone Soup version 0.31.0-11-ge490571c62 (webtiles) character file.

Game seed: 10702002989242576109

39 Strat the Ruffian (level 3, -1/27 HPs)
             Began as a Demigod Shapeshifter on Jan 29, 2024.
             Succumbed to an adder's poison
             ... on level 2 of the Dungeon.
             The game lasted 00:01:43 (1055 turns).

Strat the Ruffian (Demigod Shapeshifter)            Turns: 1055, Time: 00:01:43

Health: -1/27      AC:  2    Str: 19    XL:     3   Next: 13%
Magic:  5/5        EV: 11    Int: 12    God:
Gold:   67         SH:  4    Dex: 13    Spells: 2/2 levels left

rFire   . .          .
                       - Unarmed
rCold   . . .        j - +0 buckler
rNeg    . . .        a - +0 animal skin
rPois   .            (helmet currently unavailable)
rElec   .            (cloak currently unavailable)
rCorr   .            (gloves currently unavailable)
SInv    .            (boots currently unavailable)
Will    .....        e - amulet of the acrobat
Stlth   +            (no ring)
HPRegen 0.24/turn    (no ring)
MPRegen 0.09/turn

%: acrobat
@: mighty, lethally poisoned (-1 -> -10), beast-form, hasted, very quick
A: beast (slay +1), high MP 1, forlorn, divine attributes
a: Begin Untransformation


You were on level 2 of the Dungeon.
You were a hulking beast.
You visited 1 branch of the dungeon, and saw 2 of its levels.

You collected 67 gold pieces.

Inventory:

Armour
 a - a +0 animal skin (worn)
 j - a +0 buckler (worn)
Jewellery
 e - an amulet of the acrobat (around neck)
Talismans
 c - a beast talisman
 d - a flux talisman
Scrolls
 f - a scroll of enchant armour {unknown}
 g - a scroll of vulnerability {unknown}
 h - 3 scrolls of teleportation {unknown}
 k - a scroll of poison {unknown}
 l - a scroll of silence {unknown}
 n - a scroll of identify {unknown}
Potions
 b - a potion of lignification
 m - 2 potions of haste


   Skills:
 - Level 0.8 Fighting
 - Level 1.7 Dodging
 * Level 3.6 Unarmed Combat
 + Level 3.1 Shapeshifting


You had 2 spell levels left.
You didn't know any spells.
Your spell library was empty.

Dungeon Overview and Level Annotations

Branches:
Dungeon (2/15)

Shops:
D:2 *


Innate Abilities, Weirdness & Mutations

You are a hulking beast.
Your limbs bulge with bestial killing power. (Slay +1)
You have an increased reservoir of magic. (+10% MP)
You shall have no god before yourself.
Your divine heritage dramatically boosts your attributes as you level up.


Message History

You feel sick. The adder barely misses you.
You closely miss the adder.
The adder is heavily wounded.
You feel sick. The adder barely misses you.
You hit the adder.
The adder is severely wounded.
You feel sick. The adder bites you.
* * * LOW HITPOINT WARNING * * *
You are more poisoned.
The adder poisons you! The adder completely misses you.
You hit the adder.
The adder is almost dead.
You feel sick. The adder misses you.
You barely miss the adder.
The adder is almost dead.
You feel sick. The adder bites you.
* * * LOW HITPOINT WARNING * * *
You are more poisoned.
The adder poisons you!
You barely miss the adder.
The adder is almost dead.
You feel sick. The adder closely misses you.
You closely miss the adder.
The adder is almost dead.
You feel sick. The adder bites you.
* * * LOW HITPOINT WARNING * * *
You block the adder's attack.
You barely miss the adder.
The adder is almost dead.
* * * LOW HITPOINT WARNING * * *
You feel sick. The adder bites you.
* * * LOW HITPOINT WARNING * * *
You are more poisoned.
The adder poisons you!
It was a potion of haste.
You feel yourself speed up.
* * * LOW HITPOINT WARNING * * *
You feel sick. The adder closely misses you.
It was a potion of might.
You feel very mighty all of a sudden.
You die...

#.#.....###...
#.##...####...
#.....>.....##
#####..#######
#...........#
###.#########.#
#.. #.# #S# #.#
#h###########.#
#.............#
#.#############
###


You could see an adder.

Vanquished Creatures
  2 dart slugs
  A bat (D:1)
  4 endoplasms
  A giant cockroach (D:1)
  2 goblins (D:2)
  4 jackals (D:1)
  6 kobolds
  A quokka (D:1)
  3 ball pythons
  2 frilled lizards (D:1)
  6 rats
32 creatures vanquished.

Notes
Turn   | Place    | Note
-------+----------+-------------------------------------------
     0 | D:1      | Strat the Demigod Shapeshifter began the quest for the Orb.
     0 | D:1      | Reached XP level 1. HP: 15/15 MP: 3/3
    76 | D:1      | Reached XP level 2. HP: 13/22 MP: 4/4
   779 | D:2      | Reached XP level 3. HP: 27/27 MP: 5/5
   789 | D:2      | Found Uradun's Assorted Antiques.
  1054 | D:2      | HP: 1/27 [poisoned by an adder]
  1055 | D:2      | Succumbed to an adder's poison

Illustrated notes

Levels and vault maps discovered:
D:1:      minmay_arrival_three_doors, layout_basic, minivault_19
D:2:      layout_basic, serial_shops, shop

Skill      XL: |  1  2 |
---------------+-------+-----
Unarmed Combat | 3 |  3.6
Shapeshifting  | 3 |  3.1
Fighting       | |  0.8
Dodging        | |  1.7

Action                     || total
---------------------------++-------
  Melee: Unarmed           ||    85
         Punch             ||     1
    Use: Potion            ||     2
 Armour: Animal skin       ||    31
  Dodge: Dodged            ||    64
  Block: Buckler           ||     3
